 Dungeon Crawl Stone Soup version 0.22-a0-799-g88f5e90 (webtiles) character file.

8 iamserjio the Firebug (level 2, -3/15 HPs)
             Began as a Tengu Fire Elementalist on July 21, 2018.
             Slain by a scorpion (9 damage)
             ... on level 4 of the Dungeon.
             The game lasted 00:01:55 (254 turns).

iamserjio the Firebug (Tengu Fire Elementalist)      Turns: 254, Time: 00:01:56

Health: -3/15      AC:  2    Str:  8    XL:     2   Next: 8%
Magic:  4/6        EV: 12    Int: 15    God:
Gold:   34         SH:  0    Dex: 14    Spells: 4/5 levels left

rFire    . . .     SeeInvis .   d - +0 club
rCold    . . .     Gourm    .   (no shield)
rNeg     . . .     Faith    .   a - +0 robe
rPois    .         Spirit   .   (helmet restricted)
rElec    .         Reflect  .   (no cloak)
rCorr    .         Harm     .   (no gloves)
MR       .....     Rnd*Tele +   (boots unavailable)
Stlth    ++........             (no amulet)
HPRegen  0.05/turn              e - ring of teleportation (curse)
MPRegen  0.10/turn              (no ring)

@: no status effects
A: beak, talons 3
a: no special abilities


You were on level 4 of the Dungeon.
You were not hungry.

You visited 1 branch of the dungeon, and saw 4 of its levels.

You collected 34 gold pieces.

Inventory:

Hand Weapons
 d - a +0 club (weapon)
Armour
 a - a +0 robe (worn)
Jewellery
 e - a cursed ring of teleportation (left hand)
Scrolls
 f - a scroll of immolation {unknown}
Potions
 b - a potion of flight {unknown}
 g - a potion of degeneration {unknown}
Comestibles
 c - 2 rations


   Skills:
 - Level 2.1 Dodging
 - Level 2.0 Stealth
 - Level 2.0 Spellcasting
 + Level 2.5 Conjurations
 + Level 3.5 Fire Magic


You had 4 spell levels left.
You knew the following spells:

 Your Spells              Type           Power        Failure   Level  Hunger
a - Flame Tongue          Conj/Fire      ##...        6%          1    #......

Your spell library contained the following spells:

 Spells                   Type           Power        Failure   Level  Hunger
 Fireball                 Conj/Fire      ##........   87%         5    ######.
 Conjure Flame            Conj/Fire      ##......     19%         3    ###....
 Throw Flame              Conj/Fire      ##....       10%         2    ###....
 Sticky Flame             Conj/Fire      ##......     54%         4    #####..
 Inner Flame              Hex/Fire       #.......     32%         3    ###....


Dungeon Overview and Level Annotations

Branches:
Dungeon (4/15)
 Temple: D:4-7

Altars:


Innate Abilities, Weirdness & Mutations

You have a beak for a mouth.
You have claws for feet.


Message History

A scorpion comes into view.
Found a mace.
Casting: Flame Tongue (safe; 6% risk of failure)
Confirm with . or Enter, or press ? or * to list all spells.
Aiming: Flame Tongue (safe; 6% risk of failure)
Press: ? - help, Shift-Dir - straight line, f - scorpion
Aim: a scorpion (hasn't noticed you)
The flame tongue hits the scorpion.
The scorpion appears unharmed.
The scorpion stings you!
Ouch! That really hurt!
Casting: Flame Tongue (safe; 6% risk of failure)
Confirm with . or Enter, or press ? or * to list all spells.
Aiming: Flame Tongue (safe; 6% risk of failure)
Press: ? - help, Shift-Dir - straight line, f/p - scorpion
Aim: a scorpion The flame tongue hits the scorpion.
The scorpion is heavily wounded.
The scorpion stings you!
Ouch! That really hurt!
You die...

.. . ########. #..#
..≈≈8≈≈.. ###..##
...≈≈≈.?# #......
.#......###.#
#.#..#.
......)...).#
#.#.... #@##
##.##.#. #s#.##
#.....#.
#.###.#######.......
#.# ##........#####.
## #.######### #.
#.# #. #.# #. ## #.
#.


You could see a scorpion.

Vanquished Creatures
  A leopard gecko (D:3)
  A giant cockroach (D:1)
  2 kobolds (D:1)
  A bat (D:1)
  A goblin (D:1)
  A rat (D:1)
7 creatures vanquished.

Notes
Turn   | Place    | Note
-------+----------+-------------------------------------------
     0 | D:1      | iamserjio the Tengu Fire Elementalist began the quest for the Orb.
     0 | D:1      | Reached XP level 1. HP: 10/10 MP: 4/4
   212 | D:3      | Reached XP level 2. HP: 13/15 MP: 3/6
   252 | D:4      | Noticed a scorpion
   254 | D:4      | Slain by a scorpion

Vault maps used:
D:1:      tarquinn_simple_flora_water_f
D:2:      doesnt_xom_only_xom, first_ration
D:3:      kennysheep_okawaru_gauntlet
D:4:      moated_statue

Skill      XL: |  1 |
---------------+----+-----
Conjurations   | 2 |  2.5
Dodging        | |  2.1
Stealth        | |  2.0
Spellcasting   | |  2.0
Fire Magic     | |  3.5

Action                   || total
-------------------------++-------
Melee: Unarmed           ||     5
       Club              ||     1
       Kick              ||     1
       Peck              ||     1
 Cast: Flame Tongue      ||    11
Armor: Robe              ||     5
Dodge: Dodged            ||    19

Table legend:
 A = Spawn XP
 B = Non-spawn XP
 C = Spawn XP percentage of total XP
 D = Spawn monster count
 E = Non-spawn monster count
 F = Spawn count percentage of total count
 G = Total turns spent on level
                    A         B        C        D         E        F      G
               +---------+---------+-------+---------+---------+-------+---------
         Total |       0 |      12 |   0.0 |       0 |       7 |   0.0 |   254
               +---------+---------+-------+---------+---------+-------+---------
           D:1 |       0 |       9 |   0.0 |       0 |       6 |   0.0 |   190
           D:3 |       0 |       3 |   0.0 |       0 |       1 |   0.0 |    20
               +---------+---------+-------+---------+---------+-------+---------
